 Dungeon Crawl Stone Soup version 0.18-a0-1147-g8e8348b (webtiles) character file.

1213 Herrn the Chopper (level 8, -26/74 HPs)
             Began as a Naga Fighter on Jan 22, 2016.
             Was an Initiate of Ashenzari.
             Annihilated by a hill giant
             ... wielding a +0 giant spiked club
              (30 damage)
             ... on level 6 of the Dungeon.
             The game lasted 00:15:42 (5235 turns).

Herrn the Chopper (Naga Fighter)                    Turns: 5235, Time: 00:15:42

Health: -26/74     AC:  9    Str: 24      XL:     8   Next: 46%
Magic:  8/8        EV:  7    Int: 11      God:    Ashenzari [......]
Gold:   330        SH:  9    Dex:  9 (10) Spells: 0 memorised, 7 levels left

rFire  + . .     SeeInvis +     y - +1 flail (crush) (curse)
rCold  . . .     Gourm    .     b - +0 scale mail
rNeg   . . .     Faith    .     c - +0 shield (curse)
rPois  +         Spirit   .     d - +0 helmet (curse)
rElec  .         Dismiss  .     s - +0 cloak (curse)
rCorr  .         Reflect  .     (no gloves)
SustAt .         Harm     .     (no barding)
MR     +....                    (no amulet)
Stlth  ..........               p - +3 ring of strength (curse)
                                e - ring of protection from fire (curse)

@: short of breath, very slightly contaminated, hasted, quick, somewhat
resistant to hostile enchantments, extremely unstealthy
A: see invisible, deformed body, poison resistance, slowness 2, slow metabolism
1, spit poison 2, strong 1, AC +2
a: Spit Poison, Renounce Religion


You were on level 6 of the Dungeon.
You worshipped Ashenzari.
Ashenzari was noncommittal.
You were hungry.

You visited 2 branches of the dungeon, and saw 7 of its levels.

You collected 330 gold pieces.

Inventory:

Hand Weapons
 a - a +0 war axe
 y - a cursed +1 flail of crushing (weapon)
Armour
 b - a +0 scale mail (worn)
 c - a cursed +0 shield (worn)
 d - a cursed +0 helmet (worn)
 s - a cursed +0 cloak (worn)
 D - a troll hide
Jewellery
 e - a cursed ring of protection from fire (left hand)
 p - a cursed +3 ring of strength (right hand)
Wands
 v - a wand of flame (32/48)
Scrolls
 i - a scroll of teleportation {unknown}
 k - 3 scrolls of identify {unknown}
 l - a scroll of enchant armour {unknown}
 m - a scroll of curse armour
 n - 2 scrolls of noise {unknown}
 q - a scroll of immolation {unknown}
 t - a scroll of curse jewellery
 x - a scroll of fear
 B - 4 scrolls of curse weapon
Potions
 g - 2 potions of curing
 w - a potion of cure mutation {unknown}
 z - a potion of heal wounds {unknown}
 A - a potion of brilliance {unknown}
Books
 r - a book of Envenomations

   Spells                             Type                      Level
   a - Spider Form                    Transmutation/Poison         3
   b - Olgreb's Toxic Radiance        Poison                       4
   c - Alistair's Intoxication        Transmutation/Poison         5
   d - Poisonous Cloud                Conjuration/Poison/Air       6
Comestibles
 f - 2 bread rations
 h - 2 meat rations
 j - 3 fruits


   Skills:
 + Level 5.2 Fighting
 * Level 5.5 Axes
 + Level 4.5 Armour
 + Level 2.8 Dodging
 + Level 4.1 Shields


You had 7 spell levels left.
You didn't know any spells.

Dungeon Overview and Level Annotations

Branches:
Dungeon (6/15)             Temple (1/1) D:4

Altars:
Ashenzari
Cheibriados
Dithmenos
Elyvilon
Fedhas
Gozag
Kikubaaqudgha
Makhleb
Nemelex Xobeh
Okawaru
Pakellas
Qazlal
Ru
Sif Muna
Trog
Xom
Zin
The Shining One


Innate Abilities, Weirdness & Mutations

You cannot wear boots.
Your serpentine skin is tough (AC +2).
You have supernaturally acute eyesight.
Armour fits poorly on your strangely shaped body.
Your system is resistant to poisons.
You cover ground very slowly.
You have a slow metabolism.
You can spit poison.
Your muscles are strong. (Str +2)


Message History

The hill giant is moderately wounded.
You hit the hill giant.
The hill giant is moderately wounded.
The hill giant hits you with a giant spiked club!!
Your shield and scale mail prevent you from hitting the hill giant.
The hill giant is moderately wounded.
You have got your breath back.
You sock the hill giant!
The hill giant is heavily wounded.
The hill giant hits you with a giant spiked club!!
* * * LOW HITPOINT WARNING * * *
You sock the hill giant!
The hill giant is severely wounded.
Press: ? - help, Shift-Dir - straight line, f/p - hill giant
Aim: a hill giant, wielding a giant spiked club (severely wounded)
The splash of poison hits the hill giant.
The hill giant is severely wounded.
You are feeling hungry.
The hill giant hits you with a giant spiked club!!
You die...

##### ##########
##...###........### #######
##.....##...#).)...# #......
#.......#...##(....###......
#.......'...##......##......
#.......#...####............
##.....##...# ######.......
##...###...# ##...... ######
#..@# #...... ....# #..C#
#...... ...... #...+
##...... #.....##...#
#..##### #......#...# #..#
#........# #.)#
##################..#
.......<.....#
.###+####'####


You could see a hill giant.

Vanquished Creatures
  Pikel (D:4)
  An orc warrior (D:6)
  2 slaves (D:4)
  A phantom (D:4)
  A centaur (D:6)
  2 crimson imps
  A quasit (D:5)
  A hound (D:5)
  An iguana (D:6)
  4 worker ants
  Robin (D:3)
  2 adders
  5 gnolls
  3 shadow imps
  An ooze (D:6)
  An adder skeleton (D:4)
  An adder zombie (D:5)
  3 giant geckos
  18 orcs
  4 giant cockroaches
  18 goblins
  5 hobgoblins
  7 jackals (D:3)
  7 quokkas
  A ball python (D:4)
  9 bats
  8 giant newts
  2 jackal skeletons (D:5)
  11 kobolds
  2 quokka skeletons (D:5)
  7 rats
  2 fungi (D:1)
133 creatures vanquished.

Vanquished Creatures (others)
  An orc (D:4)
1 creature vanquished.

Grand Total: 134 creatures vanquished

Notes
Turn   | Place    | Note
--------------------------------------------------------------
     0 | D:1      | Herrn the Naga Fighter began the quest for the Orb.
     0 | D:1      | Reached XP level 1. HP: 21/21 MP: 1/1
   438 | D:1      | Reached XP level 2. HP: 28/28 MP: 2/2
   759 | D:1      | Found a sparkling altar of Nemelex Xobeh.
   961 | D:1      | Reached XP level 3. HP: 34/34 MP: 3/3
  1200 | D:2      | Found a stormy altar of Qazlal.
  2079 | D:3      | Reached XP level 4. HP: 42/42 MP: 4/4
  2081 | D:3      | Noticed Robin
  2110 | D:3      | Killed Robin
  2110 | D:3      | Reached skill level 1 in Dodging
  2333 | D:3      | Reached XP level 5. HP: 26/49 MP: 5/5
  2970 | D:4      | Found an oddly glowing altar of Pakellas.
  2976 | D:4      | Found a blossoming altar of Fedhas.
  2977 | D:4      | Found a white marble altar of Elyvilon.
  2977 | D:4      | Found a shimmering altar of Xom.
  2978 | D:4      | Found a glowing silver altar of Zin.
  2979 | D:4      | Found a glowing golden altar of the Shining One.
  3001 | D:4      | Found a staircase to the Ecumenical Temple.
  3011 | Temple   | Entered the Ecumenical Temple
  3066 | Temple   | Became a worshipper of Ashenzari the Shackled
  3111 | D:4      | Noticed a phantom
  3169 | D:4      | Killed a phantom
  3169 | D:4      | Reached XP level 6. HP: 21/57 MP: 6/6
  3978 | D:4      | Noticed a slave
  3980 | D:4      | Noticed a slave
  3980 | D:4      | Noticed a slave
  3981 | D:4      | Noticed Pikel
  3983 | D:4      | Gained mutation: Your muscles are strong. (Str +2) [potion of beneficial mutation]
  4001 | D:4      | Killed a slave
  4015 | D:4      | Killed a slave
  4020 | D:4      | Noticed a slave
  4030 | D:4      | Killed Pikel
  4030 | D:4      | Reached skill level 4 in Fighting
  4030 | D:4      | Reached XP level 7. HP: 44/66 MP: 7/7
  4241 | D:5      | Entered Level 5 of the Dungeon
  4455 | D:5      | Reached XP level 8. HP: 65/73 MP: 8/8
  4708 | D:5      | Reached skill level 5 in Axes
  4724 | D:5      | Reached skill level 5 in Fighting
  5221 | D:6      | Noticed a hill giant
  5235 | D:6      | Annihilated by a hill giant

Vault maps used:
D:1:      tarquinn_simple_flora_water_c, minmay_gold_behind_fungi,
          nemelex_xobeh_ov_fountains_minmay
D:2:      grunt_qazlal_clouds
D:3:      uniq_robin
D:4:      minitemple, temple_statues, first_bread, uniq_pikel
D:5:      kennysheep_nondescript
D:6:      minmay_opposing_rooms, st_stairs_1, uniq_eustachio
Temple:   triangle_lava_temple_12

Action                   |  1- 3 |  4- 6 |  7- 9 || total
-------------------------+-------+-------+-------++-------
Melee: War axe           |   127 |   235 |   113 ||   475
       Flail             |       |       |     6 ||     6
 Abil: Spit Poison       |     9 |     1 |     8 ||    18
  Use: Potion            |       |     7 |     1 ||     8
       Scroll            |       |     3 |     6 ||     9
  Eat: Chunk             |     3 |     4 |     4 ||    11
       Royal jelly       |       |     1 |       ||     1
